 Dungeon Crawl Stone Soup version 0.27-a0-637-g3a9f0a9c12 (webtiles) character file.

Game seed: 11913104063794062066

21 JoanKharjo the Shooter (level 3, 0/26 HPs)
             Began as a Human Arcane Marksman on Mar 15, 2021.
             Succumbed to an adder's poison
             ... on level 2 of the Dungeon.
             The game lasted 00:03:20 (1775 turns).

JoanKharjo the Shooter (Human Arcane Marksman)      Turns: 1775, Time: 00:03:21

Health: 0/26       AC:  2    Str: 10    XL:     3   Next: 5%
Magic:  4/4        EV: 16    Int: 14    God:
Gold:   68         SH:  0    Dex: 13    Spells: 1/4 levels left

rFire    + . .     SeeInvis .   b - +0 dagger
rCold    . . .     Faith    .   (no shield)
rNeg     . . .     Spirit   .   e - +0 robe
rPois    .         Reflect  .   (no helmet)
rElec    .         Harm     .   (no cloak)
rCorr    .         Rampage  .   (no gloves)
Will     .....                  (no boots)
Stlth    +.........             (no amulet)
HPRegen  0.08/turn              i - +4 ring of evasion
MPRegen  0.09/turn              l - ring of protection from fire

@: lethally poisoned (0 -> -10)
A: no striking features
a: no special abilities


You were on level 2 of the Dungeon.
You visited 1 branch of the dungeon, and saw 2 of its levels.

You collected 68 gold pieces.

Inventory:

Hand Weapons
 a - a +0 shortbow
 b - a +0 dagger (weapon)
Missiles
 d - 20 arrows
Armour
 e - a +0 robe (worn)
Jewellery
 i - a +4 ring of evasion (right hand)
 l - a ring of protection from fire (left hand)
Scrolls
 c - 3 scrolls of identify {unknown}
 f - a scroll of enchant armour {unknown}
 j - a scroll of fear {unknown}
 k - a scroll of noise {unknown}
Potions
 h - a potion of heal wounds {unknown}


   Skills:
 - Level 1.0 Fighting
 + Level 3.3 Bows
 - Level 2.0 Dodging
 - Level 1.0 Spellcasting
 - Level 3.0 Hexes


You had one spell level left.
You knew the following spells:

 Your Spells              Type           Power      Damage    Failure   Level
a - Corona                Hex            10%        N/A       8%          1
b - Slow                  Hex            9%         N/A       12%         2

Your spell library contained the following spells:

 Spells                   Type           Power      Damage    Failure   Level
 Inner Flame              Hex/Fire       4%         N/A       38%         3
 Portal Projectile        Hex/Tloc       8%         N/A       38%         3
 Cause Fear               Hex            4%         N/A       58%         4
 Leda's Liquefaction      Hex/Erth       2%         N/A       80%         4


Dungeon Overview and Level Annotations

Branches:
Dungeon (2/15)

Altars:

Annotations:
D:2 Robin


Message History

You completely miss the adder.
The adder is lightly wounded.
The adder bites you.
* * * LOW HITPOINT WARNING * * *
It was a potion of curing.
You feel better. The adder bites you.
* * * LOW HITPOINT WARNING * * *
You are lethally poisoned!
The adder poisons you!
You feel better. The adder closely misses you. x2
You barely miss the adder.
The adder is lightly wounded.
The adder bites you.
You are poisoned.
The adder poisons you!
You closely miss the adder.
The adder is lightly wounded.
You feel sick. The adder barely misses you.
You hit the adder.
The adder is moderately wounded.
You feel sick. The adder closely misses you. The adder bites you.
* * * LOW HITPOINT WARNING * * *
You are lethally poisoned!
The adder poisons you!
You closely miss the adder.
The adder is moderately wounded.
The adder bites you.
* * * LOW HITPOINT WARNING * * *
You closely miss the adder.
The adder is lightly wounded.
* * * LOW HITPOINT WARNING * * *
You feel sick. The adder bites you.
* * * LOW HITPOINT WARNING * * *
You hit the adder but do no damage.
The adder is lightly wounded.
* * * LOW HITPOINT WARNING * * *
You feel sick. The adder bites you.
* * * LOW HITPOINT WARNING * * *
You hit the adder.
The adder is heavily wounded.
You die...

#. #.# ##.## #.# #.#
### #.# #.# #.# #.# #.#
#.# #.# #.#
######.#######.#
#..............#
#.####@###.#.g.# #S#
#...#.## #### ###)#
#..###.## #.^.
#..........###.###.## #
#....####++####g[....
#.#.#..#........#......
....#.#.##..##.#.##...
#......#.##..##.#.####.
## ..#.'....?...'.# #.


You could see an adder.

Vanquished Creatures
  2 dart slugs (D:1)
  A leopard gecko (D:1)
  4 goblins
  2 hobgoblins (D:1)
  2 bats (D:1)
  A kobold (D:1)
  4 rats
16 creatures vanquished.

Notes
Turn   | Place    | Note
-------+----------+-------------------------------------------
     0 | D:1      | JoanKharjo the Human Arcane Marksman began the quest for
                  | the Orb.
     0 | D:1      | Reached XP level 1. HP: 15/15 MP: 2/2
   787 | D:1      | Reached XP level 2. HP: 14/21 MP: 3/3
   790 | D:1      | Learned a level 2 spell: Slow
  1572 | D:2      | Noticed Robin
  1706 | D:1      | Reached XP level 3. HP: 22/26 MP: 4/4
  1774 | D:2      | HP: 1/26 [adder (1)]
  1775 | D:2      | Succumbed to an adder's poison

Illustrated notes

Levels and vault maps discovered:
D:1:      dpeg_arrival_yet_another_circle, layout_basic
D:2:      layout_loops_ring, lightli_temple_of_fire,
          chequers_temple_overflow_statue_of_worship, minmay_door_square,
          kennysheep_generic_room_5, uniq_robin, uniq_natasha

Skill      XL: |  1  2 |
---------------+-------+-----
Bows           | 3 |  3.3
Fighting       | |  1.0
Dodging        | |  2.0
Spellcasting   | |  1.0
Hexes          | |  3.0

Action                   || total
-------------------------++-------
Melee: Dagger            ||    94
  Use: Potion            ||     2
Armor: Robe              ||    16
Dodge: Dodged            ||    53

Table legend: (Time is in decaauts)
 A = Elapsed time spent in this place.
 B = Non-inter-level travel time spent in this place.
 C = Inter-level travel time spent in this place.
 D = Time resting spent in this place.
 E = Time spent auto-exploring this place.
 F = Levels seen in this place.
 G = Mean time per level.
                   A        B        C        D        E       F      G
               +--------+--------+--------+--------+--------+-----+--------+
         Total |   1776 |   1679 |     97 |     91 |   1310 |   2 |  888.0 |
       Dungeon |   1776 |   1679 |     97 |     91 |   1310 |   2 |  888.0 |
               +--------+--------+--------+--------+--------+-----+--------+

Top non-repeatable levels by time:
     D:1: 1454 daAuts
     D:2: 321 daAuts
